 Dungeon Crawl Stone Soup version 0.30.1-9-gdf580d7c3d (webtiles) character file.

Game seed: 16014218966825980670

413 KittyFluff the Covered (level 6, -4/39 HPs)
             Began as a Gargoyle Berserker on Oct 19, 2023.
             Was a Priest of Trog.
             Slain by Pikel
             ... wielding a +1 whip of flaming
              (5 damage)
             ... on level 5 of the Dungeon.
             The game lasted 00:17:22 (4268 turns).

KittyFluff the Covered (Gargoyle Berserker)         Turns: 4268, Time: 00:17:23

Health: -4/39      AC: 11    Str: 22    XL:     6   Next: 91%
Magic:  6/6        EV: 10    Int:  8    God:    Trog [***...]
Gold:   299        SH:  0    Dex:  9    Spells: 5/5 levels left

rFire   . . .        s - +1 mace (protect)
rCold   . . .        B - +0 kite shield
rNeg    + + .        d - +0 leather armour
rPois   ∞            p - +2 hat
rElec   +            g - +0 cloak
rCorr   .            (no gloves)
SInv    .            (no boots)
Will    .....        y - amulet of reflection Stlth
                     n - ring of positive energy
HPRegen 0.26/turn    (no ring)
MPRegen 0.10/turn

%: reflection
@: confused
A: sickness immunity, AC +4, negative energy resistance 1, electricity
resistance, torment resistance 1, petrification resistance
a: Renounce Religion, Berserk, Trog's Hand


You were on level 5 of the Dungeon.
You worshipped Trog.
Trog was most pleased with you.
You visited 1 branch of the dungeon, and saw 5 of its levels.
You also visited: Sewer.

You collected 299 gold pieces.

Inventory:

Hand Weapons
 s - a +1 mace of protection (weapon)
Armour
 d - a +0 leather armour (worn)
 g - a +0 cloak (worn)
 p - a +2 hat (worn)
 B - a +0 kite shield (worn)
Jewellery
 m - a +6 ring of intelligence
 n - a ring of positive energy (left hand)
 y - an amulet of reflection (around neck)
Scrolls
 b - a scroll of magic mapping {unknown}
 e - a scroll of immolation {unknown}
 i - a scroll of torment {unknown}
 k - a scroll of poison
 u - a scroll of enchant weapon
 v - 3 scrolls of vulnerability {unknown}
 w - a scroll of teleportation
 A - a scroll of enchant armour {unknown}
Potions
 c - a potion of heal wounds
 f - 3 potions of mutation
 h - a potion of haste {unknown}
 j - 4 potions of brilliance {unknown}
 l - 2 potions of curing {unknown}
 o - a potion of resistance {unknown}
 r - 2 potions of ambrosia {unknown}
 t - a potion of lignification {unknown}
 x - 5 potions of flight
 z - 4 potions of magic {unknown}


   Skills:
 + Level 4.5 Fighting
 * Level 4.8 Maces & Flails
 * Level 4.9 Armour
 + Level 2.6 Dodging
 + Level 0.2 Shields


You had 5 spell levels left.
You didn't know any spells.
Your spell library was empty.

Dungeon Overview and Level Annotations

Branches:
Dungeon (5/15)              Sewer (visited)
 Temple: D:4-7

Altars:
Yredelemnul

Shops:
D:3 =

Annotations:
D:5 Grinder, Pikel


Innate Abilities, Weirdness & Mutations

You are immune to sickness and miasma.
Your stone body is resilient. (AC +4)
You are immune to poison.
You resist negative energy. (rN+)
You are resistant to electric shocks. (rElec)
You are resistant to unholy torment.
You are immune to petrification.


Message History

Pikel barely misses you.
You hit Pikel.
Pikel is lightly wounded.
Pikel closely misses you.
You closely miss Pikel.
Pikel is lightly wounded.
You block Pikel's attack.
You barely miss Pikel.
Pikel is lightly wounded.
Grinder blinks!
Pikel zaps a wand.
You resist with some effort. You block Pikel's attack.
You hit Pikel.
Pikel is lightly wounded.
Pikel hits you with a +1 whip of flaming.
Pikel burns you.
You hit Pikel.
Pikel is moderately wounded.
Pikel hits you with a +1 whip of flaming!
Pikel burns you.
You hit Pikel but do no damage.
Pikel is moderately wounded.
Grinder blinks!
Pikel completely misses you. You block Pikel's attack.
You hit Pikel.
Pikel is moderately wounded.
Pikel zaps a wand.
Your will is overpowered!
You are confused.
You're too confused to move!
Pikel hits you with a +1 whip of flaming.
* * * LOW HITPOINT WARNING * * *
Pikel burns you.
* * * LOW HITPOINT WARNING * * *
You are too confused!
You're too confused to move!
Pikel hits you with a +1 whip of flaming.
* * * LOW HITPOINT WARNING * * *
Pikel burns you.
* * * LOW HITPOINT WARNING * * *
You bump into the rock wall.
Pikel hits you with a +1 whip of flaming.
You die...

###############
#.............#
#.###########.# #######.#
#.# #####.......# #.#
#...........# #.#
.....>...5..###########.#
#...........555K@.......#
............5############
........#.#..#.........#
........#.#..#.#######.#
#.......#.#..#.#######.#
###.......#............#
#........##.#.#########
.........##.#.......#
.....#.##.####.#####


You could see Pikel, Grinder and 4 lemures.

Vanquished Creatures
  A scorpion (D:4)
  A hound (D:5)
  Crazy Yiuf (D:2)
  2 iguanas
  10 adders
  4 river rats (Sewer)
  2 worms (D:2)
  3 dart slugs
  An orc (D:4)
  17 ball pythons
  13 bats
  6 endoplasms
  4 giant cockroaches
  6 goblins
  6 hobgoblins
  3 jackals (Sewer)
  12 kobolds
  5 quokkas
  4 frilled lizards
  8 rats
109 creatures vanquished.

Notes
Turn   | Place    | Note
-------+----------+-------------------------------------------
     0 | D:1      | KittyFluff the Gargoyle Berserker began the quest for the
                  | Orb.
     0 | D:1      | Reached XP level 1. HP: 14/14 MP: 1/1
   159 | D:1      | Reached XP level 2. HP: 15/19 MP: 2/2
   539 | D:1      | Reached XP level 3. HP: 23/23 MP: 3/3
   841 | D:2      | Reached ** piety under Trog
   981 | D:2      | Reached XP level 4. HP: 24/29 MP: 4/4
  1218 | D:2      | Found a runed translucent door.
  1219 | D:2      | Noticed Crazy Yiuf
  1227 | D:2      | Killed Crazy Yiuf
  1380 | D:2      | Reached XP level 5. HP: 29/33 MP: 5/5
  1563 | D:3      | Found Bowis's Jewellery Shop.
  2036 | D:3      | Found a glowing drain.
  2041 | Sewer    | Entered a sewer
  2182 | Sewer    | Reached *** piety under Trog
  2295 | Sewer    | Reached XP level 6. HP: 37/38 MP: 6/6
  3271 | D:4      | Found a basalt altar of Yredelemnul.
  4116 | D:5      | Entered Level 5 of the Dungeon
  4214 | D:5      | Noticed Grinder
  4218 | D:5      | Paralysed by Grinder for 4 turns
  4232 | D:5      | Noticed Pikel
  4267 | D:5      | HP: 1/39 [Pikel/+1 whip of flaming (2)]
  4268 | D:5      | Slain by Pikel

Illustrated notes

Levels and vault maps discovered:
D:1:      wander_arrival_lonely_grave, layout_loops_ring, nicolae_eternal_life
D:2:      layout_loops_ring, wad_floor_pattern_untrapped,
          uniq_crazy_yiuf_cottage
D:3:      minmay_wonky_spiral, layout_loops_ring, serial_shops,
          nicolae_shop_getting_attention, portal_sewer_entry_e,
          lexackson_kobold_supper
D:4:      layout_gridville, old_standard_altar
D:5:      cheibrodos_helix_gallery, layout_basic, grunt_gozag_breadcrumbs,
          kennysheep_cross_room, uniq_grinder, uniq_ijyb, uniq_pikel

Skill      XL: |  1  2  3  4  5 |
---------------+----------------+-----
Armour         | 3 4 |  4.9
Dodging        | 2 |  2.6
Maces & Flails | 4 |  4.8
Fighting       | 4 |  4.5
Shields        | |  0.2

Action                     |  1- 3 |  4- 6 || total
---------------------------+-------+-------++-------
  Melee: Mace              |   108 |   305 ||   413
         Punch             |     1 |     2 ||     3
 Invoke: Berserk           |       |     1 ||     1
    Use: Scroll            |       |     5 ||     5
 Armour: Leather armour    |    61 |   174 ||   235
         Animal skin       |     4 |       ||     4
  Dodge: Dodged            |    62 |   256 ||   318
  Block: Kite shield       |       |    23 ||    23
         Other             |       |     6 ||     6
